Get step-by-step instructions on how to execute this build order below. Start the game timer, and the build order will tick by so you can play in parallel with StarCraft on a second screen or mobile device.

Game Time

  0:00

Last Step

  N/A

Next Step

Upcoming Step



Don't want to look back and forth between 2 screens? Try out our Overwolf App, the Spawning Tool Build Advisor to get an in-game overlay with this build!

Complete Build Order

  12  0:00  Probe  
  13  0:12  Probe  
  14  0:17  Pylon  
  14  0:24  Probe  
  15  0:35  Probe  
  15  0:37  Gateway  
  16  0:43  Probe  
  16  0:44  Assimilator  
  17  0:51  Probe  
  18  1:03  Probe  
  19  1:26  Cybernetics Core  
  19  1:30  Assimilator  
  19  1:37  Nexus  
  19  1:45  Pylon, Probe  
  19  1:53  Probe  
  20  1:57  Stalker  
  21  2:11  Warp Gate  
  23  2:17  Robotics Facility  
  23  2:20  Probe  
  24  2:27  Sentry  
  26  2:32  Probe  
  27  2:45  Probe  
  27  2:47  Stalker  
  27  2:49  Probe  
  31  2:57  Probe  
  32  3:01  Probe, Phoenix  
  32  3:03  Gateway  
  33  3:13  Probe  
  33  3:14  Immortal  
  33  3:15  Probe  
  39  3:21  Probe  
  39  3:23  Probe  
  40  3:32  Probe x2  
  43  3:44  Gateway, Probe  
  43  3:45  Probe  
  43  3:46  Gateway  
  45  4:00  Probe  
  46  4:18  Pylon  
  46  4:22  Pylon  
  46  4:26  Assimilator  
  46  4:28  Assimilator  
  46  4:32  Probe  
  46  4:36  Observer, Probe  
  49  4:42  Probe  
  49  4:45  Shield Battery  
  50  4:48  Probe  
  51  4:54  Probe, Warp Prism  
  51  4:58  Gateway x2  
  54  5:00  Probe  
  54  5:02  Gateway  
  54  5:06  Pylon  
  55  5:09  Pylon  
  55  5:17  Forge  
  55  5:18  Twilight Council  
  55  5:34  Probe  
  55  5:35  Probe  
  57  5:45  Charge, Zealot x4  
  64  6:01  Templar Archives  
  64  6:07  Stalker x2, Immortal  
  64  6:08  Zealot x2  
  76  6:27  Gateway  
  76  6:29  Gateway  
  76  6:31  Gateway  
  76  6:32  Gateway  
  76  6:33  Gateway  
  56  6:40  Stalker x2  
  56  6:41  Stalker x4  
  56  6:42  Stalker  
  42  7:05  High Templar x3  
  42  7:09  Archon  
  38  7:17  Sentry  
  38  7:18  Zealot  
  15  7:37  Zealot x2  
  15  7:38  Zealot